 Dungeon Crawl Stone Soup version 0.29.0-15-g675c0067aa (webtiles) character file.

Game seed: 5459081740244016006

387 qw the Cleaver (level 6, -4/52 HPs)
             Began as a Minotaur Berserker on Sept 12, 2022.
             Was a Believer of Trog.
             Killed by divine providence
             ... invoked by an orc priest
              (13 damage)
             ... on level 3 of the Dungeon.
             The game lasted 00:00:58 (2948 turns).

qw the Cleaver (Minotaur Berserker)                 Turns: 2948, Time: 00:00:59

Health: -4/52      AC:  6    Str: 23    XL:     6   Next: 49%
Magic:  5/5        EV: 10    Int:  4    God:    Trog [**....]
Gold:   131        SH:  0    Dex: 10    Spells: 5/5 levels left

rFire   . . .      SeeInvis .   Y - +1 war axe
rCold   . . .      Faith    .   (no shield)
rNeg    . . .      Spirit   .   d - +0 scale mail
rPois   .          Reflect  .   (helmet restricted)
rElec   .          Harm     .   (no cloak)
rCorr   .          Rampage  .   (no gloves)
Will    .....                   (no boots)
Stlth   ..........              (no amulet)
HPRegen 0.17/turn               (no ring)
MPRegen 0.09/turn               (no ring)

@: on berserk cooldown, slowed, very slow
A: horns 2, retaliatory headbutt
a: Renounce Religion, Berserk, Trog's Hand


You were on level 3 of the Dungeon.
You worshipped Trog.
Trog was pleased with you.
You visited 1 branch of the dungeon, and saw 3 of its levels.

You collected 153 gold pieces.
You spent 22 gold pieces at shops.


Innate Abilities, Weirdness & Mutations

You have a pair of horns on your head.
You reflexively headbutt those who attack you in melee.


   Skills:
 - Level 4.0 Fighting
 + Level 8.7 Axes
 - Level 2.4 Armour
 - Level 2.1 Dodging


You had 5 spell levels left.
You didn't know any spells.
Your spell library was empty.

Inventory:

Hand Weapons
 m - a +0 mace
 Y - a +1 war axe (weapon)
Armour
 b - a +2 robe of resistance
 d - a +0 scale mail (worn)
Jewellery
 c - a +4 ring of protection
 o - a ring of ice
Scrolls
 f - a scroll of identify
Potions
 a - 2 potions of might
 e - a potion of resistance {unknown}
 i - a potion of flight {unknown}
 j - a potion of invisibility {unknown}
 k - a potion of degeneration {unknown}
 l - a potion of mutation {unknown}

Dungeon Overview and Level Annotations

Branches:
Dungeon (3/15)

Altars:

Shops:
D:1 *


Message History

You hit the orc.
The orc is heavily wounded.
The orc hits you with a +0 club. x2
You barely miss the orc.
The orc is heavily wounded.
The orc priest looks braver for a moment.
The orc closely misses you.
You slash the orc!
You kill the orc!
Trog accepts your kill.
The orc priest mumbles some strange prayers to Beogh against you.
Beogh smites you! Something hits you.
You miss something. Your headbutt misses something.
Something hits you but does no damage. Something hits you.
You miss something. Your headbutt misses something. Something hits you.
You barely miss something. Something hits you but does no damage.
The orc priest looks encouraged for a moment.
Something hits you but does no damage.
You slash something! Trog accepts your kill.
Trog appreciates your killing of a magic user.
Reactivating autopickup.
You feel a bit more experienced.
You closely miss the orc. The orc barely misses you.
The orc priest begins to cast a cantrip, but forgets the words!
The orc priest looks braver for a moment.
The orc barely misses you.
You barely miss the orc. The orc hits you with a +0 club.
The orc hits you but does no damage.
You hit the orc. You headbutt the orc.
You kill the orc!
Trog accepts your kill.
The orc priest invokes the aid of Beogh against you.
Beogh smites you!
The orc priest mumbles some strange prayers to Beogh against you.
Beogh smites you!
You die...

#.##.# #######.##.#
#........#.#
#........#.#
#........#.#
#........#.#
#........#)########
#........'.)@o?...#
####........########.#
.........#+##
...#####.#.# #####%#.#
#.......# #.......#
#.......# #.......#


You could see an orc priest.

Vanquished Creatures
  Grinder (D:3)
  Jessica (D:2)
  2 orc wizards (D:3)
  Natasha (D:2)
  Terence (D:2)
  4 worms
  2 dart slugs
  2 orcs (D:3)
  A bat (D:2)
  5 endoplasms
  2 giant cockroaches
  5 goblins
  5 hobgoblins
  3 jackals (D:3)
  A quokka (D:1)
  6 ball pythons
  2 frilled lizards (D:1)
  A kobold (D:2)
  6 rats
51 creatures vanquished.

Notes
Turn   | Place    | Note
-------+----------+-------------------------------------------
     0 | D:1      | qw the Minotaur Berserker began the quest for the Orb.
     0 | D:1      | Reached XP level 1. HP: 19/19 MP: 0/0
     0 | D:1      | 0 ||| qw: Version: 0.1-a-119-g272c26d
     0 | D:1      | 0 ||| qw: Game counter: 10749
     0 | D:1      | 0 ||| qw: Always use a shield: true
     0 | D:1      | 0 ||| qw: Do Orc after D:15 true
     0 | D:1      | 0 ||| qw: Do second Lair branch before Depths: true
     0 | D:1      | 0 ||| qw: Lair rune preference: random
     0 | D:1      | 0 ||| qw: Plans: Normal
     0 | D:1      | 0 ||| PLANNING D:1-11
    23 | D:1      | 23 ||| Stepping ~*~*~tactically~*~*~ (hiding).
    34 | D:1      | Reached skill level 4 in Axes
   371 | D:1      | Reached XP level 2. HP: 26/26 MP: 1/1
   677 | D:1      | Found Vesmumir's General Store.
   686 | D:1      | 686 ||| BUYING +0 leather armour (22 gold).
   686 | D:1      | Bought a +0 leather armour for 22 gold pieces
   686 | D:1      | 686 ||| SHOPLISTING potion of haste (110 gold, have 8).
   686 | D:1      | 686 ||| SHOPLISTING potion of heal wounds (55 gold, have
                  | 8).
   686 | D:1      | 686 ||| SHOPLISTING ring of protection from cold (275 gold,
                  | have 8).
   686 | D:1      | 686 ||| SHOPLISTING scroll of teleportation (33 gold, have
                  | 8).
   976 | D:1      | 976 ||| Stepping ~*~*~tactically~*~*~ (stealth).
   978 | D:1      | 978 ||| Stepping ~*~*~tactically~*~*~ (stealth).
   990 | D:1      | 990 ||| DROPPING +0 club.
  1181 | D:1      | 1181 ||| UPGRADING to +0 leather armour.
  1191 | D:1      | 1191 ||| DROPPING +0 animal skin.
  1192 | D:1      | 1192 ||| READING scroll labelled VOESSO YDDAU.
  1193 | D:1      | 1193 ||| READING 3 scrolls labelled WOQIEPHOKO.
  1194 | D:1      | 1194 ||| READING 2 scrolls labelled JOIFRAKHIMAD.
  1195 | D:1      | 1195 ||| READING scroll labelled XAEWEA ANURPHU.
  1196 | D:1      | 1196 ||| READING scroll labelled LEVIDGH ECHE.
  1197 | D:1      | 1197 ||| DROPPING 2 scrolls of butterflies.
  1284 | D:2      | Reached skill level 5 in Axes
  1314 | D:2      | Noticed Jessica
  1315 | D:2      | 1315 ||| Stepping ~*~*~tactically~*~*~ (hiding).
  1322 | D:2      | Killed Jessica
  1323 | D:2      | Reached XP level 3. HP: 27/31 MP: 2/2
  1398 | D:2      | 1398 ||| Stepping ~*~*~tactically~*~*~ (stealth).
  1502 | D:2      | 1502 ||| SWAPPING to +0 war axe.
  1540 | D:2      | 1540 ||| FLEEEEING.
  1541 | D:2      | 1541 ||| FLEEEEING.
  1545 | D:2      | 1545 ||| FLEEEEING.
  1546 | D:2      | 1546 ||| FLEEEEING.
  1547 | D:2      | 1547 ||| FLEEEEING.
  1577 | D:2      | 1577 ||| FLEEEEING.
  1578 | D:2      | 1578 ||| FLEEEEING.
  1603 | D:2      | 1603 ||| INVOKING Berserk.
  1717 | D:2      | 1717 ||| DROPPING +0 hand axe.
  1748 | D:2      | 1748 ||| INVOKING Berserk.
  1749 | D:2      | 1749 ||| INVOKING Berserk.
  1750 | D:2      | 1750 ||| INVOKING Berserk.
  1811 | D:2      | 1811 ||| INVOKING Berserk.
  1921 | D:2      | Noticed Terence
  1922 | D:2      | 1922 ||| INVOKING Berserk.
  1925 | D:2      | Killed Terence
  1926 | D:2      | Reached skill level 6 in Axes
  1926 | D:2      | Reached XP level 4. HP: 39/39 MP: 3/3
  2320 | D:2      | Reached ** piety under Trog
  2358 | D:2      | Noticed Natasha
  2359 | D:2      | 2359 ||| INVOKING Berserk.
  2362 | D:2      | Killed Natasha
  2562 | D:2      | 2562 ||| UPGRADING to +2 robe of resistance.
  2572 | D:2      | 2572 ||| UPGRADING to +0 scale mail.
  2582 | D:2      | 2582 ||| DROPPING +0 leather armour.
  2583 | D:2      | 2583 ||| READING scroll labelled CATINK ZYUME.
  2584 | D:2      | 2584 ||| READING scroll labelled DONNOHUSES.
  2588 | D:2      | 2588 ||| DRINKING 3 bubbling cyan potions.
  2589 | D:2      | 2589 ||| DRINKING 2 bubbling coppery potions.
  2755 | D:3      | Noticed Grinder
  2756 | D:3      | 2756 ||| Stepping ~*~*~tactically~*~*~ (stealth).
  2757 | D:3      | 2757 ||| Stepping ~*~*~tactically~*~*~ (stealth).
  2762 | D:3      | 2762 ||| INVOKING Trog's Hand.
  2765 | D:3      | 2765 ||| INVOKING Berserk.
  2770 | D:3      | Killed Grinder
  2771 | D:3      | Reached skill level 8 in Axes
  2771 | D:3      | Reached XP level 5. HP: 45/45 MP: 4/4
  2771 | D:3      | Reached XP level 6. HP: 51/51 MP: 5/5
  2801 | D:3      | 2801 ||| FLEEEEING.
  2802 | D:3      | 2802 ||| FLEEEEING.
  2803 | D:3      | 2803 ||| FLEEEEING.
  2804 | D:3      | 2804 ||| FLEEEEING.
  2805 | D:3      | 2805 ||| FLEEEEING.
  2806 | D:3      | 2806 ||| FLEEEEING.
  2807 | D:3      | 2807 ||| FLEEEEING.
  2808 | D:3      | 2808 ||| FLEEEEING.
  2809 | D:3      | 2809 ||| FLEEEEING.
  2811 | D:3      | 2811 ||| FLEEEEING.
  2812 | D:3      | 2812 ||| FLEEEEING.
  2921 | D:3      | 2921 ||| INVOKING Berserk.
  2934 | D:3      | 2934 ||| DRINKING potion of curing.
  2934 | D:3      | 2934 ||| (to cure confusion)
  2947 | D:3      | HP: 8/52 [orc priest/divine providence (8)]
  2948 | D:3      | Killed from afar by an orc priest

Levels and vault maps discovered:
D:1:      dpeg_arrival_fog, layout_loops_corners, serial_shops, shop
D:2:      layout_loops_cross, uniq_jessica, uniq_natasha, uniq_terence
D:3:      cheibrodos_greedy_goblins, layout_basic, uniq_grinder

Skill      XL: |  1  2  3  4  5  6 |
---------------+-------------------+-----
Axes           | 4 5 6 8 |  8.7
Fighting       | 4 |  4.0
Armour         | |  2.4
Dodging        | |  2.1

Action                   |  1- 3 |  4- 6 || total
-------------------------+-------+-------++-------
Melee: Hand axe          |    47 |       ||    47
       Headbutt          |    10 |     4 ||    14
       War axe           |    17 |    54 ||    71
Invok: Berserk           |     4 |     3 ||     7
       Trog's Hand       |       |     1 ||     1
  Use: Scroll            |     5 |     2 ||     7
       Potion            |       |     3 ||     3
Armor: Animal skin       |     4 |       ||     4
       Leather armour    |     4 |     8 ||    12
       Scale mail        |       |    16 ||    16
Dodge: Dodged            |    28 |    16 ||    44

Table legend:
 A = Non-vault XP
 B = Vault XP
 C = Vault XP percentage of total XP
 D = Non-vault monster count
 E = Vault monster count
 F = Vault count percentage of total count
                 A         B        C        D         E       F
            +---------+---------+-------+---------+---------+-------
      Total |     165 |     388 |  70.2 |      47 |       4 |   7.8
            +---------+---------+-------+---------+---------+-------
        D:1 |      31 |       0 |   0.0 |      19 |       0 |   0.0
        D:2 |      41 |     102 |  71.3 |      16 |       3 |  15.8
        D:3 |      93 |     286 |  75.5 |      12 |       1 |   7.7
            +---------+---------+-------+---------+---------+-------
